Penguins vs Devils
(R1)
Created - November 25, 2020 at 19:34
Goals
|
| Penguins |
1 |
4 |
0 |
5 |
| Devils |
1 |
0 |
0 |
1 |
|
Shots
|
| Penguins |
17 |
10 |
6 |
33 |
| Devils |
10 |
12 |
7 |
29 |
|
1st period
1. Devils , Marian Gaborik 7 (Nazem Kadri 18, Michael Del Zotto 4) at 7:37
2. Penguins , Adam Larsson 1 (Dustin Brown 2, Danny DeKeiser 4) at 10:25 (PP)
Penalties :
Zach Parise (NJD) for Hooking (Minor) at 1:51, Keith Aulie (Pit) for Slashing (Minor) at 4:17, Nazem Kadri (NJD) for Hooking (Minor) at 9:37, Anton Stralman (NJD) for Hooking (Minor) at 15:18, Eric Gryba (Pit) for Slashing (Minor) at 17:38
2nd period
3. Penguins , Joe Colborne 2 (Marcus Foligno 4, Danny DeKeiser 5) at 4:04
4. Penguins , Nikita Kucherov 5 (Steven Stamkos 10, Sean Zimmerman 7) at 4:14
5. Penguins , Viktor Arvidsson 3 (Sean Zimmerman 8) at 10:46
6. Penguins , Steven Stamkos 11 (Andrew Cogliano 9, Sean Zimmerman 9) at 17:44
Penalties :
Nikita Kucherov (Pit) for Hooking (Minor) at 0:22, Martin Samuelsson (NJD) for Roughing (Minor) at 5:22, Andrew Cogliano (Pit) for Interference (Minor) at 13:31, Adam Larsson (Pit) for Hooking (Minor) at 17:09, Tyler Ennis (NJD) for Slashing (Minor) at 17:15, Jamie Arniel (NJD) for Fighting (Major) at 19:51, Thomas Vanek (Pit) for Fighting (Major) at 19:51
3rd period
No Goal
Penalties :
Danny DeKeiser (Pit) for High sticking (Minor) at 1:30, Nikita Kucherov (Pit) for Roughing (Minor) at 9:18, Thomas Vanek (Pit) for Hooking (Minor) at 17:33
Goalie Stats
Michal Neuvirth (Pit), 28 saves from 29 shots - (0.966), W, 6-7-1, 60:00 minutes
Maxime Daigneault (NJD), 18 saves from 23 shots - (0.783), L, 7-7-1, 37:44 minutes
Thomas McCollum (NJD), 10 saves from 10 shots - (1.000), 22:16 minutes
Players Stats for Penguins
Player Name G A P +/- PIM S H SB GA TA FO MP PP MP PK MP
------------------------------------------------------------------------------------
Adam Larsson 1 0 1 0 2 3 1 0 0 0 0/0 22:04 2:44 5:34
Alexei Marchenko 0 0 0 0 0 0 2 0 0 0 0/0 9:57 0:00 1:15
Andreas Martinsen 0 0 0 0 0 1 1 0 0 0 0/0 7:31 0:00 2:01
Andrew Cogliano 0 1 1 1 2 3 3 0 0 2 0/1 25:32 3:40 6:42
Danny DeKeiser 0 2 2 0 2 2 2 2 0 0 0/0 20:30 2:38 5:23
Dustin Brown 0 1 1 1 0 1 0 0 0 0 0/0 10:37 3:02 0:00
Eric Gryba 0 0 0 0 2 0 1 0 0 0 0/0 7:59 0:00 0:00
Joe Colborne 1 0 1 1 0 2 1 0 0 0 2/5 7:40 0:09 0:00
Keith Aulie 0 0 0 3 2 4 1 1 0 0 0/0 29:44 4:13 7:27
Logan Couture 0 0 0 1 0 2 1 0 0 0 4/9 15:16 3:02 1:11
Marcus Foligno 0 1 1 1 0 0 0 0 2 0 1/2 8:46 0:09 0:31
Marian Hossa 0 0 0 0 0 0 1 0 0 0 0/0 5:03 0:00 0:00
Nikita Kucherov 1 0 1 0 4 3 1 1 1 1 0/0 19:06 3:34 2:43
Sean Monahan 0 0 0 0 0 0 0 0 0 0 0/1 9:49 0:00 4:04
Sean Zimmerman 0 3 3 3 0 0 2 2 0 2 0/0 30:32 4:13 8:19
Steven Stamkos 1 1 2 1 0 8 1 0 1 0 31/54 26:39 3:49 7:34
Thomas Vanek 0 0 0 1 7 2 2 0 0 0 1/2 16:25 3:02 3:12
Viktor Arvidsson 1 0 1 1 0 2 1 0 0 0 1/1 10:49 0:00 0:00
Players Stats for Devils
Player Name G A P +/- PIM S H SB GA TA FO MP PP MP PK MP
------------------------------------------------------------------------------------
Anton Stralman 0 0 0 -3 2 1 1 0 2 1 0/0 27:21 7:23 3:11
Brad Richards 0 0 0 -2 0 3 0 0 1 0 4/10 19:49 6:37 2:23
Brad Richardson 0 0 0 0 0 0 0 1 0 0 0/0 6:56 0:00 0:00
Chris Stewart 0 0 0 -2 0 3 0 0 0 0 0/1 17:10 6:37 0:00
Eric Tangradi 0 0 0 0 0 1 1 1 0 0 0/0 8:28 0:00 1:11
Jamie Arniel 0 0 0 -2 5 3 3 0 0 0 6/14 11:14 0:14 1:45
Josh Gorges 0 0 0 0 0 3 2 2 0 0 0/0 24:43 6:36 4:15
Kristopher Letang 0 0 0 -3 0 1 3 1 0 0 0/0 25:09 7:23 1:16
Marian Gaborik 1 0 1 1 0 2 1 0 0 0 2/3 19:21 7:22 0:00
Martin Samuelsson 0 0 0 -1 2 0 1 0 0 0 2/5 9:35 0:00 2:40
Matt Donovan 0 0 0 0 0 0 0 4 0 0 0/0 11:18 0:00 2:30
Michael Del Zotto 0 1 1 0 0 3 0 1 1 2 0/0 23:22 6:36 2:30
Nazem Kadri 0 1 1 0 2 2 0 0 0 0 18/36 22:49 7:22 0:55
Nick Bonino 0 0 0 0 0 0 1 0 0 0 2/3 7:01 0:00 0:05
Patrick Kaleta 0 0 0 -1 0 0 1 0 0 1 1/2 10:39 0:00 3:40
Thomas Hickey 0 0 0 0 0 0 1 0 0 0 0/0 8:27 0:00 0:00
Tyler Ennis 0 0 0 1 2 4 2 0 1 0 0/1 19:25 7:07 0:00
Zach Parise 0 0 0 -2 2 3 2 0 0 0 0/0 18:23 6:37 1:03
3 Stars
1 - Sean Zimmerman (Pit)
2 - Michal Neuvirth (Pit)
3 - Steven Stamkos (Pit)
Power Play
Penguins - 1 on 5 Attempt(s) - 20.00%
Devils - 0 on 8 Attempt(s) - 0.00%
Penalty Kill
Penguins - 8 on 8 Attempt(s) - 100.00%
- Score 0 goal in Penalty Kill
Devils - 4 on 5 Attempt(s) - 80.00%
- Score 0 goal in Penalty Kill
Team Stat
Penguins - Hits : 21 - Faceoff Wins : 40 - Blocked Shots : 6 - Penalty Minutes : 21
Devils - Hits : 19 - Faceoff Wins : 35 - Blocked Shots : 10 - Penalty Minutes : 15
Official
Referees : Unknown
Linesman : Unknown
Game Notes
Thomas McCollum enters game at 17:44 of 2nd period
Jamie Arniel and Thomas Vanek fight to a draw at 19:51 of 2nd period
Finance
Level 1 -- Attendance: 5830 (97.17%) -- Ticket Income $612,150
Level 2 -- Attendance: 5000 (100.00%) -- Ticket Income $325,000
Level 3 -- Attendance: 1901 (95.05%) -- Ticket Income $76,040
Level 4 -- Attendance: 3262 (81.55%) -- Ticket Income $97,860
Luxury Box -- Attendance: 1000 (100.00%) -- Ticket Income $180,000
Game was played at the The Pack Center.
Total Attendance: 16993 (94.41%)
Total Ticket Income: $1,291,050
Other Income: $193,658
Total Income: $1,484,708
Penguins
5 vs 5 Forward
Center Left Wing Right Wing Time % Phy DF OF
1 Steven Stamkos Andrew Cogliano Nikita Kucherov 40 1 2 2
2 Logan Couture Thomas Vanek Viktor Arvidsson 30 1 2 2
3 Joe Colborne Marcus Foligno Dustin Brown 20 1 2 2
4 Sean Monahan Andreas Martinsen Marian Hossa 10 1 2 2
5 vs 5 Defense
Defense Defense Time % Phy DF OF
1 Sean Zimmerman Keith Aulie 40 1 2 2
2 Adam Larsson Danny DeKeiser 30 1 2 2
3 Eric Gryba Alexei Marchenko 20 1 2 2
4 Sean Zimmerman Keith Aulie 10 1 2 2
PowerPlay Forward
Center Left Wing Right Wing Time % Phy DF OF
1 Steven Stamkos Andrew Cogliano Nikita Kucherov 60 1 2 2
2 Logan Couture Thomas Vanek Dustin Brown 40 1 2 2
PowerPlay Defense
Defense Defense Time % Phy DF OF
1 Sean Zimmerman Keith Aulie 60 1 2 2
2 Adam Larsson Danny DeKeiser 40 1 2 2
Penalty Kill 4 Players Forward
Center Wing Time % Phy DF OF
1 Steven Stamkos Andrew Cogliano 60 1 2 2
2 Nikita Kucherov Thomas Vanek 40 1 2 2
Penalty Kill 4 Players Defense
Defense Defense Time % Phy DF OF
1 Sean Zimmerman Keith Aulie 60 1 2 2
2 Adam Larsson Danny DeKeiser 40 1 2 2
Penalty Kill - 3 Players Forward
Forward Time % Phy DF OF
1 Steven Stamkos 60 1 2 2
2 Andrew Cogliano 40 1 2 2
Penalty Kill - 3 Players Defense
Defense Defense Time % Phy DF OF
1 Sean Zimmerman Keith Aulie 60 1 2 2
2 Adam Larsson Danny DeKeiser 40 1 2 2
4 vs 4 Forward
Center Wing Time % Phy DF OF
1 Steven Stamkos Andrew Cogliano 60 1 2 2
2 Nikita Kucherov Thomas Vanek 40 1 2 2
4 vs 4 Defense
Defense Defense Time % Phy DF OF
1 Sean Zimmerman Keith Aulie 60 1 2 2
2 Adam Larsson Danny DeKeiser 40 1 2 2
Last Minutes Offensive
Center Left Wing Right Wing Defense Defense
Steven Stamkos Andrew Cogliano Nikita Kucherov Sean Zimmerman Keith Aulie
Last Minutes Defensive
Center Left Wing Right Wing Defense Defense
Steven Stamkos Andrew Cogliano Nikita Kucherov Sean Zimmerman Keith Aulie
Goaltenders
Starting : Michal Neuvirth
Backup : Sergei Bobrovsky
Extra Forwards
Normal : Marcus Foligno, Joe Colborne, Sean Monahan - PP : Marcus Foligno, Joe Colborne - PK : Sean Monahan
Extra Defensemen
Normal : Eric Gryba, Alexei Marchenko, Keith Aulie - PP : Eric Gryba - PK : Alexei Marchenko, Keith Aulie
Penalty Shots
Steven Stamkos, Andrew Cogliano, Nikita Kucherov, Thomas Vanek, Logan Couture
Scratches
None
Devils
5 vs 5 Forward
Center Left Wing Right Wing Time % Phy DF OF
1 Nazem Kadri Tyler Ennis Marian Gaborik 36 0 2 3
2 Jamie Arniel Zach Parise Chris Stewart 32 0 2 3
3 Brad Richards Martin Samuelsson Patrick Kaleta 22 0 2 3
4 Nick Bonino Eric Tangradi Brad Richardson 10 0 2 3
5 vs 5 Defense
Defense Defense Time % Phy DF OF
1 Kristopher Letang Anton Stralman 40 0 3 2
2 Michael Del Zotto Josh Gorges 35 0 3 2
3 Thomas Hickey Matt Donovan 25 0 3 2
4 Kristopher Letang Anton Stralman 0 1 2 2
PowerPlay Forward
Center Left Wing Right Wing Time % Phy DF OF
1 Nazem Kadri Tyler Ennis Marian Gaborik 60 0 1 4
2 Brad Richards Zach Parise Chris Stewart 40 0 1 4
PowerPlay Defense
Defense Defense Time % Phy DF OF
1 Kristopher Letang Anton Stralman 60 0 1 4
2 Michael Del Zotto Josh Gorges 40 0 1 4
Penalty Kill 4 Players Forward
Center Wing Time % Phy DF OF
1 Martin Samuelsson Patrick Kaleta 60 1 3 1
2 Jamie Arniel Zach Parise 40 1 3 1
Penalty Kill 4 Players Defense
Defense Defense Time % Phy DF OF
1 Anton Stralman Josh Gorges 60 1 4 0
2 Michael Del Zotto Matt Donovan 40 1 4 0
Penalty Kill - 3 Players Forward
Forward Time % Phy DF OF
1 Zach Parise 60 1 3 1
2 Brad Richards 40 1 3 1
Penalty Kill - 3 Players Defense
Defense Defense Time % Phy DF OF
1 Kristopher Letang Anton Stralman 60 1 4 0
2 Michael Del Zotto Josh Gorges 40 1 4 0
4 vs 4 Forward
Center Wing Time % Phy DF OF
1 Nazem Kadri Tyler Ennis 60 0 2 3
2 Brad Richards Marian Gaborik 40 0 2 3
4 vs 4 Defense
Defense Defense Time % Phy DF OF
1 Kristopher Letang Anton Stralman 60 0 3 2
2 Michael Del Zotto Josh Gorges 40 0 3 2
Last Minutes Offensive
Center Left Wing Right Wing Defense Defense
Nazem Kadri Tyler Ennis Marian Gaborik Kristopher Letang Michael Del Zotto
Last Minutes Defensive
Center Left Wing Right Wing Defense Defense
Jamie Arniel Zach Parise Patrick Kaleta Josh Gorges Anton Stralman
Goaltenders
Starting : Maxime Daigneault
Backup : Thomas McCollum
Extra Forwards
Normal : Brad Richards, Patrick Kaleta, Martin Samuelsson - PP : Jamie Arniel, Patrick Kaleta - PK : Brad Richards
Extra Defensemen
Normal : Kristopher Letang, Matt Donovan, Michael Del Zotto - PP : Michael Del Zotto - PK : Kristopher Letang, Anton Stralman
Penalty Shots
Marian Gaborik, Tyler Ennis, Nazem Kadri, Chris Stewart, Zach Parise
Scratches
Mike Weber (Healthy)
% Time on Ice - Penguins
Lines # - Real PCT - Wanted PCT - Time Play
Normal Forward
1 - 37% - 40% - 13:38
2 - 30% - 30% - 11:05
3 - 20% - 20% - 7:31
4 - 14% - 10% - 5:03
Normal Defense
1 - 43% - 40% - 16:12
2 - 36% - 30% - 13:16
3 - 21% - 20% - 7:49
4 - 0% - 10% - 0:00
PP Forward
1 - 56% - 60% - 3:49
2 - 44% - 40% - 3:02
PP Defense
1 - 62% - 60% - 4:13
2 - 38% - 40% - 2:38
PK Forward
1 - 68% - 60% - 9:33
2 - 32% - 40% - 4:26
PK Defense
1 - 60% - 60% - 8:20
2 - 40% - 40% - 5:39
PK3 Forward
1 - 0% - 60%
2 - 0% - 40%
PK3 Defense
1 - 0% - 60%
2 - 0% - 40%
44 Forward
1 - 100% - 60% - 1:53
2 - 0% - 40% - 0:00
44 Defense
1 - 100% - 60% - 1:53
2 - 0% - 40% - 0:00
Last Minute Offensive - 0:00
Last Minute Defensive - 0:00
Total
Forward - 60:00
Defense - 60:00
|
% Time on Ice - Devils
Lines # - Real PCT - Wanted PCT - Time Play
Normal Forward
1 - 34% - 36% - 12:46
2 - 29% - 32% - 10:44
3 - 18% - 22% - 6:51
4 - 19% - 10% - 6:56
Normal Defense
1 - 41% - 40% - 15:09
2 - 37% - 35% - 13:41
3 - 23% - 25% - 8:27
4 - 0% - 0% - 0:00
PP Forward
1 - 53% - 60% - 7:22
2 - 47% - 40% - 6:37
PP Defense
1 - 53% - 60% - 7:23
2 - 47% - 40% - 6:36
PK Forward
1 - 74% - 60% - 5:06
2 - 26% - 40% - 1:45
PK Defense
1 - 64% - 60% - 4:21
2 - 36% - 40% - 2:30
PK3 Forward
1 - 0% - 60%
2 - 0% - 40%
PK3 Defense
1 - 0% - 60%
2 - 0% - 40%
44 Forward
1 - 100% - 60% - 1:53
2 - 0% - 40% - 0:00
44 Defense
1 - 100% - 60% - 1:53
2 - 0% - 40% - 0:00
Last Minute Offensive - 0:00
Last Minute Defensive - 0:00
Total
Forward - 60:00
Defense - 60:00
|
Play-by-Play
1st period
0:01 of 1st period - Steven Stamkos wins face-off versus Nazem Kadri in neutral zone.
0:53 of 1st period - Joe Colborne is hit by Martin Samuelsson and loses puck.
1:34 of 1st period - Snap shot by Steven Stamkos.
1:34 of 1st period - Stopped by Maxime Daigneault with a rebound.
1:36 of 1st period - Snap shot by Nikita Kucherov.
1:36 of 1st period - Shot Misses the Net.
1:51 of 1st period - Minor Penalty to Zach Parise for Hooking.
1:52 of 1st period - Martin Samuelsson wins face-off versus Steven Stamkos in Devils zone.
2:24 of 1st period - Josh Gorges is hit by Logan Couture and loses puck.
2:29 of 1st period - Snap shot by Thomas Vanek.
2:29 of 1st period - Deflect By Logan Couture.
2:29 of 1st period - Shot Misses the Net.
2:29 of 1st period - Puck is out of play.
2:30 of 1st period - Steven Stamkos wins face-off versus Martin Samuelsson in Devils zone.
3:29 of 1st period - Slapshot by Jamie Arniel.
3:29 of 1st period - Stopped by Michal Neuvirth without a rebound.
3:30 of 1st period - Jamie Arniel wins face-off versus Logan Couture in Penguins zone.
3:33 of 1st period - Snap shot by Brad Richards.
3:33 of 1st period - Stopped by Michal Neuvirth without a rebound.
3:34 of 1st period - Steven Stamkos wins face-off versus Jamie Arniel in Penguins zone.
3:34 of 1st period - Steven Stamkos is hit by Jamie Arniel.
3:51 of 1st period - Penalty to Zach Parise is over, Zach Parise is back on ice.
4:17 of 1st period - Minor Penalty to Keith Aulie for Slashing.
4:18 of 1st period - Steven Stamkos wins face-off versus Tyler Ennis in Penguins zone.
5:05 of 1st period - Danny DeKeiser is hit by Tyler Ennis and loses puck.
6:17 of 1st period - Penalty to Keith Aulie is over, Keith Aulie is back on ice.
6:21 of 1st period - Off-side.
6:22 of 1st period - Nick Bonino wins face-off versus Joe Colborne in neutral zone.
6:48 of 1st period - Brad Richards is hit by Thomas Vanek and loses puck.
7:19 of 1st period - Slapshot by Chris Stewart.
7:19 of 1st period - Stopped by Michal Neuvirth with a rebound.
7:29 of 1st period - Snap shot by Marian Gaborik.
7:29 of 1st period - Stopped by Michal Neuvirth with a rebound.
7:37 of 1st period - Snap shot by Marian Gaborik.
7:37 of 1st period - Goal by Marian Gaborik - Penguins : 0 - Devils : 1.
7:38 of 1st period - Steven Stamkos wins face-off versus Jamie Arniel in neutral zone.
8:04 of 1st period - Tyler Ennis is hit by Viktor Arvidsson and loses puck.
8:53 of 1st period - Slapshot by Steven Stamkos.
8:53 of 1st period - Shot Blocked by Eric Tangradi.
8:55 of 1st period - Wrist shot by Nikita Kucherov.
8:55 of 1st period - Stopped by Maxime Daigneault without a rebound.
8:56 of 1st period - Steven Stamkos wins face-off versus Jamie Arniel in Devils zone.
8:59 of 1st period - Snap shot by Steven Stamkos.
8:59 of 1st period - Deflect By Jamie Arniel.
8:59 of 1st period - Stopped by Maxime Daigneault with a rebound.
9:01 of 1st period - Wrist shot by Steven Stamkos.
9:01 of 1st period - Stopped by Maxime Daigneault with a rebound.
9:03 of 1st period - Wrist shot by Andrew Cogliano.
9:03 of 1st period - Stopped by Maxime Daigneault with a rebound.
9:05 of 1st period - Snap shot by Nikita Kucherov.
9:05 of 1st period - Deflect By Andrew Cogliano.
9:05 of 1st period - Shot Misses the Net.
9:05 of 1st period - Puck is out of play.
9:06 of 1st period - Jamie Arniel wins face-off versus Steven Stamkos in Devils zone.
9:21 of 1st period - Snap shot by Chris Stewart.
9:21 of 1st period - Stopped by Michal Neuvirth without a rebound.
9:22 of 1st period - Logan Couture wins face-off versus Nazem Kadri in Penguins zone.
9:29 of 1st period - Snap shot by Viktor Arvidsson.
9:29 of 1st period - Shot Misses the Net.
9:31 of 1st period - Slapshot by Sean Zimmerman.
9:31 of 1st period - Shot Misses the Net.
9:33 of 1st period - Wrist shot by Logan Couture.
9:33 of 1st period - Stopped by Maxime Daigneault without a rebound.
9:34 of 1st period - Nazem Kadri wins face-off versus Steven Stamkos in Devils zone.
9:34 of 1st period - Nazem Kadri is hit by Andrew Cogliano.
9:37 of 1st period - Minor Penalty to Nazem Kadri for Hooking.
9:38 of 1st period - Steven Stamkos wins face-off versus Martin Samuelsson in Devils zone.
9:40 of 1st period - Snap shot by Andrew Cogliano.
9:40 of 1st period - Stopped by Maxime Daigneault without a rebound.
9:41 of 1st period - Martin Samuelsson wins face-off versus Andrew Cogliano in Devils zone.
10:11 of 1st period - Wrist shot by Keith Aulie.
10:11 of 1st period - Stopped by Maxime Daigneault without a rebound.
10:12 of 1st period - Logan Couture wins face-off versus Jamie Arniel in Devils zone.
10:15 of 1st period - Snap shot by Logan Couture.
10:15 of 1st period - Shot Blocked by Matt Donovan.
10:17 of 1st period - Slapshot by Danny DeKeiser.
10:17 of 1st period - Stopped by Maxime Daigneault with a rebound.
10:19 of 1st period - Wrist shot by Adam Larsson.
10:19 of 1st period - Shot Blocked by Matt Donovan.
10:21 of 1st period - Snap shot by Danny DeKeiser.
10:21 of 1st period - Shot Misses the Net.
10:23 of 1st period - Wrist shot by Dustin Brown.
10:23 of 1st period - Shot Misses the Net.
10:25 of 1st period - Slapshot by Adam Larsson.
10:25 of 1st period - Deflect By Michael Del Zotto.
10:25 of 1st period - Goal by Adam Larsson - Penguins : 1 - Devils : 1.
10:26 of 1st period - Nazem Kadri wins face-off versus Steven Stamkos in neutral zone.
10:57 of 1st period - Wrist shot by Thomas Vanek.
10:57 of 1st period - Stopped by Maxime Daigneault with a rebound.
11:12 of 1st period - Michael Del Zotto is hit by Sean Zimmerman and loses puck.
11:23 of 1st period - Slapshot by Thomas Vanek.
11:23 of 1st period - Shot Blocked by Josh Gorges.
11:31 of 1st period - Logan Couture is hit by Zach Parise and loses puck.
11:40 of 1st period - Slapshot by Chris Stewart.
11:40 of 1st period - Shot Misses the Net.
11:42 of 1st period - Snap shot by Josh Gorges.
11:42 of 1st period - Shot Blocked by Sean Zimmerman.
11:44 of 1st period - Snap shot by Zach Parise.
11:44 of 1st period - Stopped by Michal Neuvirth with a rebound.
11:46 of 1st period - Wrist shot by Jamie Arniel.
11:46 of 1st period - Stopped by Michal Neuvirth with a rebound.
11:55 of 1st period - Icing by Keith Aulie.
11:56 of 1st period - Logan Couture wins face-off versus Nazem Kadri in Penguins zone.
12:11 of 1st period - Snap shot by Viktor Arvidsson.
12:11 of 1st period - Stopped by Maxime Daigneault without a rebound.
12:12 of 1st period - Brad Richards wins face-off versus Steven Stamkos in Devils zone.
12:41 of 1st period - Anton Stralman is hit by Adam Larsson and loses puck.
13:08 of 1st period - Snap shot by Andreas Martinsen.
13:08 of 1st period - Stopped by Maxime Daigneault without a rebound.
13:09 of 1st period - Brad Richards wins face-off versus Sean Monahan in Devils zone.
13:14 of 1st period - Slapshot by Martin Samuelsson.
13:14 of 1st period - Shot Misses the Net.
14:27 of 1st period - Dustin Brown is hit by Tyler Ennis and loses puck.
14:44 of 1st period - Snap shot by Brad Richards.
14:44 of 1st period - Stopped by Michal Neuvirth with a rebound.
14:57 of 1st period - Off-side.
14:58 of 1st period - Steven Stamkos wins face-off versus Nick Bonino in neutral zone.
15:18 of 1st period - Minor Penalty to Anton Stralman for Hooking.
15:19 of 1st period - Steven Stamkos wins face-off versus Martin Samuelsson in Devils zone.
15:27 of 1st period - Wrist shot by Andrew Cogliano.
15:27 of 1st period - Shot Misses the Net.
15:29 of 1st period - Wrist shot by Andrew Cogliano.
15:29 of 1st period - Stopped by Maxime Daigneault with a rebound.
15:31 of 1st period - Snap shot by Steven Stamkos.
15:31 of 1st period - Stopped by Maxime Daigneault with a rebound.
15:33 of 1st period - Slapshot by Keith Aulie.
15:33 of 1st period - Deflect By Kristopher Letang.
15:33 of 1st period - Stopped by Maxime Daigneault with a rebound.
15:35 of 1st period - Snap shot by Steven Stamkos.
15:35 of 1st period - Stopped by Maxime Daigneault with a rebound.
15:49 of 1st period - Snap shot by Thomas Vanek.
15:49 of 1st period - Deflect By Logan Couture.
15:49 of 1st period - Shot Blocked by Josh Gorges.
15:49 of 1st period - Puck is out of play.
15:50 of 1st period - Jamie Arniel wins face-off versus Steven Stamkos in Devils zone.
15:50 of 1st period - Jamie Arniel is hit by Danny DeKeiser.
16:04 of 1st period - Snap shot by Nikita Kucherov.
16:04 of 1st period - Shot Misses the Net.
16:06 of 1st period - Backhand shot by Steven Stamkos.
16:06 of 1st period - Shot Blocked by Matt Donovan.
17:18 of 1st period - Penalty to Anton Stralman is over, Anton Stralman is back on ice.
17:36 of 1st period - Wrist shot by Anton Stralman.
17:36 of 1st period - Stopped by Michal Neuvirth with a rebound.
17:38 of 1st period - Minor Penalty to Eric Gryba for Slashing.
17:39 of 1st period - Steven Stamkos wins face-off versus Nazem Kadri in Penguins zone.
18:44 of 1st period - Danny DeKeiser is hit by Josh Gorges and loses puck.
19:20 of 1st period - Slapshot by Brad Richards.
19:20 of 1st period - Shot Misses the Net.
19:22 of 1st period - Backhand shot by Zach Parise.
19:22 of 1st period - Shot Blocked by Danny DeKeiser.
19:38 of 1st period - Penalty to Eric Gryba is over, Eric Gryba is back on ice.
19:48 of 1st period - Icing by Zach Parise.
19:49 of 1st period - Logan Couture wins face-off versus Brad Richards in Devils zone.
Goals for this period are 1 for Penguins vs 1 for Devils.
Shots for this period are 17 for Penguins vs 10 for Devils.
2nd period
0:01 of 2nd period - Nazem Kadri wins face-off versus Steven Stamkos in neutral zone.
0:22 of 2nd period - Minor Penalty to Nikita Kucherov for Hooking.
0:23 of 2nd period - Steven Stamkos wins face-off versus Nazem Kadri in Penguins zone.
0:49 of 2nd period - Steven Stamkos is hit by Anton Stralman and loses puck.
1:32 of 2nd period - Icing by Michael Del Zotto.
1:33 of 2nd period - Thomas Vanek wins face-off versus Nazem Kadri in Devils zone.
1:56 of 2nd period - Snap shot by Zach Parise.
1:56 of 2nd period - Stopped by Michal Neuvirth without a rebound.
1:57 of 2nd period - Steven Stamkos wins face-off versus Brad Richards in Penguins zone.
2:22 of 2nd period - Penalty to Nikita Kucherov is over, Nikita Kucherov is back on ice.
2:22 of 2nd period - Keith Aulie is hit by Zach Parise and loses puck.
2:29 of 2nd period - Wrist shot by Brad Richards.
2:29 of 2nd period - Shot Blocked by Keith Aulie.
2:31 of 2nd period - Slapshot by Chris Stewart.
2:31 of 2nd period - Stopped by Michal Neuvirth without a rebound.
2:32 of 2nd period - Nazem Kadri wins face-off versus Joe Colborne in Penguins zone.
2:59 of 2nd period - Snap shot by Eric Tangradi.
2:59 of 2nd period - Stopped by Michal Neuvirth without a rebound.
3:00 of 2nd period - Nick Bonino wins face-off versus Steven Stamkos in Penguins zone.
3:10 of 2nd period - Off-side.
3:11 of 2nd period - Steven Stamkos wins face-off versus Nazem Kadri in neutral zone.
3:50 of 2nd period - Wrist shot by Thomas Vanek.
3:50 of 2nd period - Stopped by Maxime Daigneault with a rebound.
4:04 of 2nd period - Snap shot by Joe Colborne.
4:04 of 2nd period - Goal by Joe Colborne - Penguins : 2 - Devils : 1.
4:05 of 2nd period - Steven Stamkos wins face-off versus Jamie Arniel in neutral zone.
4:14 of 2nd period - Slapshot by Nikita Kucherov.
4:14 of 2nd period - Goal by Nikita Kucherov - Penguins : 3 - Devils : 1.
4:15 of 2nd period - Steven Stamkos wins face-off versus Nazem Kadri in neutral zone.
5:22 of 2nd period - Minor Penalty to Martin Samuelsson for Roughing.
5:23 of 2nd period - Steven Stamkos wins face-off versus Brad Richards in Devils zone.
7:22 of 2nd period - Penalty to Martin Samuelsson is over, Martin Samuelsson is back on ice.
7:37 of 2nd period - Zach Parise is hit by Marian Hossa and loses puck.
8:27 of 2nd period - Andrew Cogliano is hit by Kristopher Letang and loses puck.
8:44 of 2nd period - Keith Aulie is hit by Eric Tangradi.
8:50 of 2nd period - Thomas Vanek is hit by Nick Bonino and loses puck.
9:07 of 2nd period - Icing by Sean Zimmerman.
9:08 of 2nd period - Marcus Foligno wins face-off versus Patrick Kaleta in Penguins zone.
9:15 of 2nd period - Brad Richards is hit by Keith Aulie and loses puck.
9:53 of 2nd period - Off-side.
9:54 of 2nd period - Nazem Kadri wins face-off versus Steven Stamkos in neutral zone.
10:05 of 2nd period - Backhand shot by Marian Gaborik.
10:05 of 2nd period - Deflect By Nazem Kadri.
10:05 of 2nd period - Shot Misses the Net.
10:05 of 2nd period - Puck is out of play.
10:06 of 2nd period - Nazem Kadri wins face-off versus Steven Stamkos in Penguins zone.
10:14 of 2nd period - Off-side.
10:15 of 2nd period - Steven Stamkos wins face-off versus Nazem Kadri in neutral zone.
10:38 of 2nd period - Off-side.
10:39 of 2nd period - Viktor Arvidsson wins face-off versus Jamie Arniel in neutral zone.
10:46 of 2nd period - Wrist shot by Viktor Arvidsson.
10:46 of 2nd period - Goal by Viktor Arvidsson - Penguins : 4 - Devils : 1.
10:47 of 2nd period - Nazem Kadri wins face-off versus Steven Stamkos in neutral zone.
11:16 of 2nd period - Snap shot by Nikita Kucherov.
11:16 of 2nd period - Shot Misses the Net.
11:18 of 2nd period - Snap shot by Logan Couture.
11:18 of 2nd period - Stopped by Maxime Daigneault without a rebound.
11:19 of 2nd period - Jamie Arniel wins face-off versus Thomas Vanek in Devils zone.
11:28 of 2nd period - Wrist shot by Zach Parise.
11:28 of 2nd period - Stopped by Michal Neuvirth with a rebound.
11:30 of 2nd period - Snap shot by Jamie Arniel.
11:30 of 2nd period - Shot Hit the Post.
11:32 of 2nd period - Wrist shot by Josh Gorges.
11:32 of 2nd period - Stopped by Michal Neuvirth without a rebound.
11:33 of 2nd period - Steven Stamkos wins face-off versus Nazem Kadri in Penguins zone.
11:40 of 2nd period - Marian Gaborik is hit by Steven Stamkos and loses puck.
12:30 of 2nd period - Icing by Kristopher Letang.
12:31 of 2nd period - Brad Richards wins face-off versus Steven Stamkos in Devils zone.
13:00 of 2nd period - Snap shot by Nazem Kadri.
13:00 of 2nd period - Shot Misses the Net.
13:06 of 2nd period - Snap shot by Tyler Ennis.
13:06 of 2nd period - Shot Blocked by Danny DeKeiser.
13:08 of 2nd period - Snap shot by Tyler Ennis.
13:08 of 2nd period - Stopped by Michal Neuvirth without a rebound.
13:09 of 2nd period - Joe Colborne wins face-off versus Nazem Kadri in Penguins zone.
13:16 of 2nd period - Slapshot by Tyler Ennis.
13:16 of 2nd period - Stopped by Michal Neuvirth with a rebound.
13:18 of 2nd period - Slapshot by Josh Gorges.
13:18 of 2nd period - Stopped by Michal Neuvirth without a rebound.
13:19 of 2nd period - Marian Gaborik wins face-off versus Joe Colborne in Penguins zone.
13:28 of 2nd period - Wrist shot by Tyler Ennis.
13:28 of 2nd period - Stopped by Michal Neuvirth without a rebound.
13:29 of 2nd period - Steven Stamkos wins face-off versus Jamie Arniel in Penguins zone.
13:31 of 2nd period - Minor Penalty to Andrew Cogliano for Interference.
13:32 of 2nd period - Nazem Kadri wins face-off versus Steven Stamkos in Penguins zone.
14:22 of 2nd period - Adam Larsson is hit by Kristopher Letang and loses puck.
14:52 of 2nd period - Wrist shot by Nikita Kucherov.
14:52 of 2nd period - Shot Misses the Net.
15:31 of 2nd period - Penalty to Andrew Cogliano is over, Andrew Cogliano is back on ice.
15:45 of 2nd period - Eric Tangradi is hit by Alexei Marchenko and loses puck.
16:21 of 2nd period - Michael Del Zotto is hit by Andrew Cogliano and loses puck.
16:47 of 2nd period - Nick Bonino is hit by Thomas Vanek.
17:07 of 2nd period - Wrist shot by Nick Bonino.
17:07 of 2nd period - Shot Misses the Net.
17:09 of 2nd period - Minor Penalty to Adam Larsson for Hooking.
17:10 of 2nd period - Steven Stamkos wins face-off versus Nazem Kadri in Penguins zone.
17:15 of 2nd period - Minor Penalty to Tyler Ennis for Slashing.
17:16 of 2nd period - Nazem Kadri wins face-off versus Steven Stamkos in Devils zone.
17:28 of 2nd period - Wrist shot by Nazem Kadri.
17:28 of 2nd period - Deflect By Brad Richards.
17:28 of 2nd period - Shot Misses the Net.
17:28 of 2nd period - Puck is out of play.
17:29 of 2nd period - Steven Stamkos wins face-off versus Nazem Kadri in Penguins zone.
17:44 of 2nd period - Wrist shot by Steven Stamkos.
17:44 of 2nd period - Goal by Steven Stamkos - Penguins : 5 - Devils : 1.
17:44 of 2nd period - Thomas McCollum enters game.
17:45 of 2nd period - Nazem Kadri wins face-off versus Steven Stamkos in neutral zone.
17:54 of 2nd period - Wrist shot by Nazem Kadri.
17:54 of 2nd period - Shot Misses the Net.
17:58 of 2nd period - Wrist shot by Brad Richards.
17:58 of 2nd period - Shot Blocked by Sean Zimmerman.
18:00 of 2nd period - Snap shot by Nazem Kadri.
18:00 of 2nd period - Stopped by Michal Neuvirth without a rebound.
18:01 of 2nd period - Nazem Kadri wins face-off versus Steven Stamkos in Penguins zone.
18:12 of 2nd period - Snap shot by Brad Richards.
18:12 of 2nd period - Stopped by Michal Neuvirth without a rebound.
18:13 of 2nd period - Steven Stamkos wins face-off versus Nazem Kadri in Penguins zone.
18:22 of 2nd period - Slapshot by Kristopher Letang.
18:22 of 2nd period - Stopped by Michal Neuvirth without a rebound.
18:23 of 2nd period - Nazem Kadri wins face-off versus Steven Stamkos in Penguins zone.
18:28 of 2nd period - Snap shot by Brad Richards.
18:28 of 2nd period - Shot Misses the Net.
18:38 of 2nd period - Slapshot by Keith Aulie.
18:38 of 2nd period - Stopped by Thomas McCollum with a rebound.
18:40 of 2nd period - Slapshot by Keith Aulie.
18:40 of 2nd period - Deflect By Brad Richards.
18:40 of 2nd period - Stopped by Thomas McCollum with a rebound.
19:06 of 2nd period - Snap shot by Andrew Cogliano.
19:06 of 2nd period - Shot Misses the Net.
19:09 of 2nd period - Penalty to Adam Larsson is over, Adam Larsson is back on ice.
19:15 of 2nd period - Penalty to Tyler Ennis is over, Tyler Ennis is back on ice.
19:20 of 2nd period - Wrist shot by Steven Stamkos.
19:20 of 2nd period - Shot Misses the Net.
19:22 of 2nd period - Wrist shot by Steven Stamkos.
19:22 of 2nd period - Deflect By Adam Larsson.
19:22 of 2nd period - Stopped by Thomas McCollum with a rebound.
19:40 of 2nd period - Snap shot by Adam Larsson.
19:40 of 2nd period - Stopped by Thomas McCollum without a rebound.
19:41 of 2nd period - Jamie Arniel wins face-off versus Logan Couture in Devils zone.
19:51 of 2nd period - Jamie Arniel and Thomas Vanek fight to a draw.
19:51 of 2nd period - Penalty to Jamie Arniel for Fighting.
19:51 of 2nd period - Penalty to Thomas Vanek for Fighting.
19:52 of 2nd period - Patrick Kaleta wins face-off versus Marcus Foligno in Penguins zone.
Goals for this period are 4 for Penguins vs 0 for Devils.
Shots for this period are 10 for Penguins vs 12 for Devils.
3rd period
0:01 of 3rd period - Steven Stamkos wins face-off versus Nazem Kadri in neutral zone.
1:10 of 3rd period - Slapshot by Adam Larsson.
1:10 of 3rd period - Shot Misses the Net.
1:12 of 3rd period - Slapshot by Steven Stamkos.
1:12 of 3rd period - Stopped by Thomas McCollum with a rebound.
1:16 of 3rd period - Slapshot by Steven Stamkos.
1:16 of 3rd period - Shot Misses the Net.
1:18 of 3rd period - Slapshot by Danny DeKeiser.
1:18 of 3rd period - Shot Blocked by Michael Del Zotto.
1:30 of 3rd period - Minor Penalty to Danny DeKeiser for High sticking.
1:31 of 3rd period - Steven Stamkos wins face-off versus Nazem Kadri in Penguins zone.
1:37 of 3rd period - Icing by Josh Gorges.
1:38 of 3rd period - Steven Stamkos wins face-off versus Nazem Kadri in Devils zone.
1:53 of 3rd period - Snap shot by Tyler Ennis.
1:53 of 3rd period - Shot Misses the Net.
1:55 of 3rd period - Snap shot by Michael Del Zotto.
1:55 of 3rd period - Stopped by Michal Neuvirth with a rebound.
1:57 of 3rd period - Slapshot by Michael Del Zotto.
1:57 of 3rd period - Stopped by Michal Neuvirth without a rebound.
1:58 of 3rd period - Steven Stamkos wins face-off versus Brad Richards in Penguins zone.
2:27 of 3rd period - Wrist shot by Tyler Ennis.
2:27 of 3rd period - Stopped by Michal Neuvirth with a rebound.
2:29 of 3rd period - Slapshot by Josh Gorges.
2:29 of 3rd period - Shot Blocked by Nikita Kucherov.
2:31 of 3rd period - Slapshot by Josh Gorges.
2:31 of 3rd period - Stopped by Michal Neuvirth with a rebound.
2:33 of 3rd period - Slapshot by Michael Del Zotto.
2:33 of 3rd period - Stopped by Michal Neuvirth without a rebound.
2:34 of 3rd period - Nazem Kadri wins face-off versus Steven Stamkos in Penguins zone.
2:39 of 3rd period - Slapshot by Marian Gaborik.
2:39 of 3rd period - Deflect By Andrew Cogliano.
2:39 of 3rd period - Shot Misses the Net.
2:39 of 3rd period - Puck is out of play.
2:40 of 3rd period - Nazem Kadri wins face-off versus Steven Stamkos in Penguins zone.
2:45 of 3rd period - Snap shot by Tyler Ennis.
2:45 of 3rd period - Deflect By Steven Stamkos.
2:45 of 3rd period - Shot Misses the Net.
2:45 of 3rd period - Puck is out of play.
2:46 of 3rd period - Steven Stamkos wins face-off versus Marian Gaborik in Penguins zone.
2:55 of 3rd period - Keith Aulie is hit by Marian Gaborik and loses puck.
3:30 of 3rd period - Penalty to Danny DeKeiser is over, Danny DeKeiser is back on ice.
3:47 of 3rd period - Slapshot by Viktor Arvidsson.
3:47 of 3rd period - Shot Blocked by Brad Richardson.
4:05 of 3rd period - Nazem Kadri is hit by Alexei Marchenko and loses puck.
4:22 of 3rd period - Wrist shot by Dustin Brown.
4:22 of 3rd period - Stopped by Thomas McCollum without a rebound.
4:23 of 3rd period - Joe Colborne wins face-off versus Chris Stewart in Devils zone.
4:29 of 3rd period - Off-side.
4:30 of 3rd period - Steven Stamkos wins face-off versus Brad Richards in neutral zone.
4:34 of 3rd period - Off-side.
4:35 of 3rd period - Steven Stamkos wins face-off versus Brad Richards in neutral zone.
5:26 of 3rd period - Icing by Sean Zimmerman.
5:27 of 3rd period - Nazem Kadri wins face-off versus Logan Couture in Penguins zone.
5:42 of 3rd period - Snap shot by Tyler Ennis.
5:42 of 3rd period - Shot Misses the Net.
5:44 of 3rd period - Wrist shot by Marian Gaborik.
5:44 of 3rd period - Shot Misses the Net.
6:15 of 3rd period - Icing by Zach Parise.
6:16 of 3rd period - Jamie Arniel wins face-off versus Steven Stamkos in Devils zone.
6:16 of 3rd period - Jamie Arniel is hit by Eric Gryba.
7:46 of 3rd period - Backhand shot by Jamie Arniel.
7:46 of 3rd period - Stopped by Michal Neuvirth without a rebound.
7:47 of 3rd period - Steven Stamkos wins face-off versus Jamie Arniel in Penguins zone.
7:47 of 3rd period - Steven Stamkos is hit by Thomas Hickey.
7:54 of 3rd period - Sean Zimmerman is hit by Jamie Arniel and loses puck.
7:59 of 3rd period - Matt Donovan is hit by Sean Zimmerman and loses puck.
8:36 of 3rd period - Wrist shot by Brad Richards.
8:36 of 3rd period - Shot Misses the Net.
8:59 of 3rd period - Backhand shot by Steven Stamkos.
8:59 of 3rd period - Shot Misses the Net.
9:01 of 3rd period - Slapshot by Nikita Kucherov.
9:01 of 3rd period - Shot Misses the Net.
9:03 of 3rd period - Snap shot by Steven Stamkos.
9:03 of 3rd period - Stopped by Thomas McCollum without a rebound.
9:04 of 3rd period - Steven Stamkos wins face-off versus Nazem Kadri in Devils zone.
9:07 of 3rd period - Snap shot by Nikita Kucherov.
9:07 of 3rd period - Stopped by Thomas McCollum without a rebound.
9:08 of 3rd period - Marian Gaborik wins face-off versus Steven Stamkos in Devils zone.
9:08 of 3rd period - Anton Stralman is hit by Andrew Cogliano and loses puck.
9:18 of 3rd period - Minor Penalty to Nikita Kucherov for Roughing.
9:19 of 3rd period - Nazem Kadri wins face-off versus Steven Stamkos in Penguins zone.
9:30 of 3rd period - Wrist shot by Nazem Kadri.
9:30 of 3rd period - Stopped by Michal Neuvirth with a rebound.
11:18 of 3rd period - Penalty to Nikita Kucherov is over, Nikita Kucherov is back on ice.
11:36 of 3rd period - Snap shot by Joe Colborne.
11:36 of 3rd period - Stopped by Thomas McCollum with a rebound.
11:48 of 3rd period - Martin Samuelsson is hit by Andreas Martinsen and loses puck.
11:58 of 3rd period - Icing by Michael Del Zotto.
11:59 of 3rd period - Brad Richards wins face-off versus Logan Couture in Devils zone.
13:47 of 3rd period - Wrist shot by Thomas Vanek.
13:47 of 3rd period - Deflect By Nick Bonino.
13:47 of 3rd period - Shot Misses the Net.
13:47 of 3rd period - Puck is out of play.
13:48 of 3rd period - Nazem Kadri wins face-off versus Logan Couture in Devils zone.
13:55 of 3rd period - Slapshot by Danny DeKeiser.
13:55 of 3rd period - Stopped by Thomas McCollum with a rebound.
13:57 of 3rd period - Wrist shot by Viktor Arvidsson.
13:57 of 3rd period - Shot Blocked by Kristopher Letang.
14:13 of 3rd period - Adam Larsson is hit by Jamie Arniel and loses puck.
14:20 of 3rd period - Keith Aulie is hit by Kristopher Letang and loses puck.
14:50 of 3rd period - Keith Aulie is hit by Patrick Kaleta and loses puck.
15:11 of 3rd period - Slapshot by Viktor Arvidsson.
15:11 of 3rd period - Shot Blocked by Matt Donovan.
15:35 of 3rd period - Nikita Kucherov is hit by Josh Gorges and loses puck.
16:12 of 3rd period - Martin Samuelsson is hit by Danny DeKeiser and loses puck.
17:21 of 3rd period - Zach Parise is hit by Joe Colborne and loses puck.
17:33 of 3rd period - Minor Penalty to Thomas Vanek for Hooking.
17:34 of 3rd period - Nazem Kadri wins face-off versus Steven Stamkos in Penguins zone.
18:00 of 3rd period - Brad Richards is hit by Nikita Kucherov and loses puck.
19:33 of 3rd period - Penalty to Thomas Vanek is over, Thomas Vanek is back on ice.
Goals for this period are 0 for Penguins vs 0 for Devils.
Shots for this period are 6 for Penguins vs 7 for Devils.